 Dungeon Crawl Stone Soup version 0.25-a0-404-gc1b5a34292 (webtiles) character file.

Game seed: 14612477671150771906, levelgen mode: deterministic

20677 Napalmbreeze the Spear-Bearer (level 13, -6/108 HPs)
             Began as a Formicid Fighter on Jan 10, 2020.
             Was a High Priest of Yredelemnul.
             Mangled by a four-headed hydra simulacrum (21 damage)
             ... on level 3 of the Lair of Beasts.
             The game lasted 00:34:25 (16563 turns).

Napalmbreeze the Spear-Bearer (Formicid Fighter)   Turns: 16563, Time: 00:34:25

Health: -6/108     AC: 19    Str: 26    XL:     13   Next: 14%
Magic:  19/19      EV: 10    Int: 12    God:    Yredelemnul [*****.]
Gold:   1341       SH: 11    Dex:  6    Spells: 12/12 levels left

rFire    . . .     SeeInvis +   M - +0 glaive
rCold    . . .     Gourm    +   c - +0 shield
rNeg     + . .     Faith    .   R - +1 scale mail of Restlessness {Regen+ rCorr Int+4 Dex-4} (curse)
rPois    .         Spirit   .   (helmet unavailable)
rElec    .         Reflect  .   (no cloak)
rCorr    +         Harm     .   (no gloves)
MR       +....                  t - +0 pair of boots
Stlth    ..........             A - amulet of the gourmand
HPRegen  0.68/turn              Q - ring of positive energy
MPRegen  0.16/turn              D - ring of Robustness {AC+8}

@: no status effects
A: permanent stasis, dig shafts and tunnels, four strong arms, antennae 3
a: Dig, Shaft Self, Recall Undead Slaves, Injury Mirror, Animate Dead, Drain
Life, Enslave Soul, Renounce Religion


You were on level 3 of the Lair of Beasts.
You worshipped Yredelemnul.
Yredelemnul was extremely pleased with you.
You were full.

You visited 3 branches of the dungeon, and saw 15 of its levels.
You also visited: Sewer and Ice Cave.

You collected 1341 gold pieces.

Inventory:

Hand Weapons
 a - a +0 trident
 M - a +0 glaive (weapon)
Missiles
 z - 3 throwing nets (quivered)
Armour
 b - a +0 plate armour
 c - a +0 shield (worn)
 t - a +0 pair of boots (worn)
 F - a +1 ring mail of fire resistance
 R - the cursed +1 scale mail of Restlessness (worn) {Regen+ rCorr Int+4 Dex-4}
   (You found it in an ice cave)

   It affects your intelligence (+4).
   It affects your dexterity (-4).
   It increases your rate of regeneration.
   It provides partial protection from all sources of acid and corrosion.
   It has a curse placed upon it.
Jewellery
 o - a +4 ring of strength
 A - an amulet of the gourmand (around neck)
 D - the ring of Robustness (right hand) {AC+8}
   (You found it on level 7 of the Dungeon)

   [ring of protection]

   It affects your AC (+8).
 K - an uncursed ring of poison resistance
 Q - a ring of positive energy (left hand)
Wands
 i - a wand of random effects (10)
 m - a wand of flame (39)
 w - a wand of digging (7)
 B - a wand of iceblast (8)
 T - a wand of polymorph (9)
Scrolls
 e - 5 scrolls of remove curse
 j - 3 scrolls of random uselessness {unknown}
 k - 2 scrolls of fear
 l - 3 scrolls of blinking {unknown}
 n - 7 scrolls of identify
 s - 2 scrolls of enchant armour
 v - a scroll of magic mapping
 y - a scroll of noise {unknown}
 H - 3 scrolls of enchant weapon {unknown}
 J - 3 scrolls of amnesia
 L - a scroll of fog {unknown}
 P - 2 scrolls of immolation {unknown}
 S - 2 scrolls of vulnerability {unknown}
Potions
 d - 6 potions of might
 g - 10 potions of heal wounds
 h - a potion of lignification
 p - 5 potions of flight
 q - 9 potions of curing
 r - 2 potions of haste {unknown}
 u - 2 potions of invisibility {unknown}
 x - a potion of magic {unknown}
 C - 6 potions of agility
 E - a potion of brilliance {unknown}
 G - 2 potions of resistance
 I - a potion of ambrosia {unknown}
 N - a potion of cancellation {unknown}
 O - 2 potions of mutation {unknown}
Comestibles
 f - 47 rations


   Skills:
 - Level 12.0 Fighting
 * Level 12.7 Polearms
 - Level 10.0 Armour
 - Level 9.0 Shields
 - Level 8.0 Invocations


You had 12 spell levels left.
You didn't know any spells.
Your spell library contained the following spells:

 Spells                   Type           Power        Failure   Level  Hunger
 Corona                   Hex            #......      54%         1    ##.....
 Ensorcelled Hibernation  Hex/Ice        #.....       69%         2    ###....
 Poisonous Vapours        Pois/Air       #.....       69%         2    ###....
 Confusing Touch          Hex            #.......     89%         3    ####...
 Conjure Flame            Conj/Fire      #.......     89%         3    ####...
 Dazzling Flash           Conj/Hex       #.....       89%         3    ####...
 Mephitic Cloud           Conj/Pois/Air  #.......     89%         3    ####...
 Tukima's Dance           Hex            #.......     89%         3    ####...
 Freezing Cloud           Conj/Ice/Air   #.........   100%        6    #######
 Ring of Flames           Chrm/Fire      #.........   100%        7    #######


Dungeon Overview and Level Annotations

Branches:
Dungeon (11/15)            Temple (1/1) D:7            Lair (3/6) D:8
  Swamp (0/4) Lair:2        Snake (0/4) Lair:2          Orc (0/2) D:10
  Sewer (visited)           IceCv (visited)

Altars:
Ashenzari
Cheibriados
Dithmenos
Fedhas
Gozag
Hepliaklqana
Kikubaaqudgha
Nemelex Xobeh
Okawaru
Qazlal
Sif Muna
Trog
Uskayaw
Vehumet
Xom
Yredelemnul
The Shining One

Shops:
D:5 *

Portals:
Trove: D:10 (give 3 potions of resistance)

Annotations:
D:5 4 Ghosts = free xp :3, Gargoyl's ghost, novice CeAK; PentaManta's ghost, amateur TeSu; angryZebra's ghost, novice DrTm; astraldaughter's ghost, novice DsWn
Lair:3 1 transporter


Innate Abilities, Weirdness & Mutations

You cannot be hasted, slowed, berserked, paralysed or teleported.
You can dig through walls and to a lower floor.
Your four strong arms can wield two-handed weapons with a shield.
You have a pair of large antennae on your head. (SInv)


Message History

Unknown command.
Unknown command.
Unknown command.
Unknown command.
Really walk into a travel-excluded area?
Okay, then.
You slice the bullfrog simulacrum!!
The bullfrog simulacrum vapourises!
Yredelemnul accepts your kill.
The wolf spider simulacrum hits you but does no damage.
You block the wolf spider simulacrum's attack. x3
The four-headed hydra simulacrum barely misses you.
The four-headed hydra simulacrum bites you.
The four-headed hydra simulacrum freezes you!!
* * * LOW HITPOINT WARNING * * *
The four-headed hydra simulacrum bites you.
* * * LOW HITPOINT WARNING * * *
The four-headed hydra simulacrum freezes you!!
You die...
Your body rises from the dead as a mindless zombie.

.......................####.##...
......)...............## ####...
...........Z{{{{.....## #.(...
.....Z#######{{{{##..## #P....
....{.#°°.○°########..# ##....
...{{{#°°°Z.#°○°○°°#..## #....
..{{..#○°○○☼#☼○○○☼○##..# ##...
...ZZ.#?[☼☼☼°.#Z#☼°#...# #....
ZZZ.Z©#©)°.○☼ZZZ@○°#©..# #....
......#?$○°○○.#Z#○°#..## ##...
......#°○○☼○#☼°○○○○#..# #...
......#○○○°○#°☼☼°☼○#### ##...
......#○°°○°######## ##....
......#######..# #.#...
...............## ##....
................# ##P..
................# ##.>


You could see an anaconda simulacrum, 2 crocodile simulacra, a four-headed hydra
simulacrum and a wolf spider simulacrum.

Vanquished Creatures
  An unseen horror (D:10)
  An ugly thing (IceCv)
  A black mamba (Lair:1)
  A torpor snail (Lair:3)
  A gargoyle (D:10)
  A spiny frog (Lair:3)
  2 rime drakes
  A guardian mummy (D:10)
  2 komodo dragons (Lair:1)
  2 ice devils (Lair:3)
  A troll (D:11)
  Grinder (D:3)
  A blink frog (Lair:3)
  2 hippogriffs
  A dream sheep (Lair:3)
  A vampire (D:11)
  A shadow (D:10)
  18 yaks
  Sigmund (D:2)
  A hungry ghost (D:10)
  2 nagas (Lair:2)
  2 water moccasins
  2 porcupines
  9 ice beasts
  3 sky beasts
  5 orc warriors
  3 black bears
  9 ogres
  2 centaurs (D:6)
  3 phantoms
  7 wolves
  5 crocodiles
  2 big kobolds
  8 bullfrogs
  A wyvern skeleton (D:8)
  2 scorpions
  13 killer bees (D:11)
  A troll zombie (D:10)
  2 howler monkeys
  3 centaur zombies
  4 crimson imps
  6 hounds
  2 bullfrog skeletons
  10 orc priests
  2 centaur skeletons (D:6)
  Terence (D:3)
  Jessica (D:3)
  5 iguanas
  8 orc wizards
  11 worker ants
  2 hell rats (Lair:3)
  5 ogre zombies (D:10)
  A bullfrog simulacrum (Lair:3)
  2 hound skeletons
  2 worker ant zombies
  14 adders
  3 gnolls (D:6)
  17 river rats
  A shadow imp (D:10)
  An ooze (D:1)
  2 adder skeletons (D:7)
  A worm (D:4)
  A dart slug (D:2)
  7 leopard geckos
  54 orcs
  7 ball pythons
  13 giant cockroaches
  11 goblins
  5 hobgoblins
  21 jackals
  3 quokkas
  6 bats
  2 frilled lizards
  A goblin skeleton (D:10)
  2 hobgoblin skeletons (D:10)
  A jackal skeleton (D:6)
  27 kobolds
  A leopard gecko skeleton (D:6)
  3 orc skeletons (D:10)
  13 orc zombies (D:10)
  A quokka skeleton (D:8)
  28 rats
433 creatures vanquished.

Vanquished Creatures (collateral kills)
  2 hydras
  2 skeletal warriors (D:11)
  A black mamba (Lair:1)
  3 spiny frogs (Lair:1)
  A rime drake (Lair:1)
  4 blink frogs (Lair:3)
  A hornet (D:11)
  A dream sheep (Lair:3)
  A hippogriff (Lair:3)
  A basilisk (Lair:1)
  A yak (D:11)
  A naga (Lair:2)
  A porcupine (Lair:1)
  2 wolves (Lair:1)
  2 crocodiles
  2 bullfrogs (Lair:1)
  A worker ant (D:11)
  A river rat (Lair:3)
  5 fungi (Lair:1)
  2 plants (Lair:1)
35 creatures vanquished.

Vanquished Creatures (others)
  5 flying skulls
  A spiny frog zombie (Lair:1)
  A blink frog zombie (Lair:3)
  A rime drake zombie (Lair:1)
  A water moccasin zombie (Lair:3)
  2 yak zombies (Lair:2)
  A wight (Lair:3)
  A troll skeleton (D:11)
  A wolf skeleton (Lair:3)
  A bullfrog zombie (Lair:1)
  4 killer bee zombies (D:11)
  A crocodile zombie (Lair:3)
  2 naga zombies (Lair:2)
  A river rat zombie (Lair:3)
  An orc skeleton (D:9)
  A plant (Lair:1)
25 creatures vanquished.

Grand Total: 493 creatures vanquished

Notes
Turn   | Place    | Note
-------+----------+-------------------------------------------
     0 | D:1      | Napalmbreeze the Formicid Fighter began the quest for the
                  | Orb.
     0 | D:1      | Reached XP level 1. HP: 18/18 MP: 1/1
    60 | D:1      | Reached XP level 2. HP: 24/24 MP: 2/2
   162 | D:1      | Reached XP level 3. HP: 15/29 MP: 3/3
   534 | D:2      | Found a shattered altar of Ashenzari.
   581 | D:2      | Reached XP level 4. HP: 21/37 MP: 4/4
   714 | D:2      | Noticed Sigmund
   733 | D:2      | Killed Sigmund
   733 | D:2      | Reached XP level 5. HP: 28/43 MP: 5/5
   733 | D:2      | Reached XP level 6. HP: 31/49 MP: 6/6
   955 | D:2      | Found a shimmering blue altar of Sif Muna.
  1246 | D:2      | Found a shimmering altar of Xom.
  1615 | D:3      | Noticed Jessica
  1620 | D:3      | Killed Jessica
  1658 | D:3      | Found a glowing golden altar of the Shining One.
  1818 | D:3      | Noticed Terence
  1848 | D:3      | Killed Terence
  1958 | D:3      | Noticed Grinder
  1982 | D:3      | Killed Grinder
  1982 | D:3      | Reached skill level 5 in Fighting
  1982 | D:3      | Reached XP level 7. HP: 39/56 MP: 7/7
  2286 | D:3      | Found a stormy altar of Qazlal.
  2604 | D:4      | Found a snail-covered altar of Cheibriados.
  2822 | D:4      | Reached XP level 8. HP: 50/63 MP: 8/8
  3593 | D:5      | Entered Level 5 of the Dungeon
  3708 | D:5      | Found a runed translucent gate.
  3717 | D:5      | Found a runed translucent gate.
  3721 | D:5      | Found a runed translucent gate.
  3722 | D:5      | Noticed angryZebra's ghost (novice DrTm)
  3722 | D:5      | Noticed astraldaughter's ghost (novice DsWn)
  3722 | D:5      | Noticed Gargoyl's ghost (novice CeAK)
  3722 | D:5      | Noticed PentaManta's ghost (amateur TeSu)
  3864 | D:5      | You fall into a shaft and drop 2 floors!
  3942 | D:6      | Found a glowing drain.
  3966 | Sewer    | Entered a sewer
  4111 | Sewer    | Reached skill level 5 in Polearms
  4904 | D:6      | Reached XP level 9. HP: 71/71 MP: 9/9
  5147 | D:6      | Found an iron altar of Okawaru.
  6026 | D:5      | Found Guineg's Serpentskin Sales.
  6642 | D:7      | Found a blossoming altar of Fedhas.
  6658 | D:7      | Found an opulent altar of Gozag.
  7108 | D:7      | Found a staircase to the Ecumenical Temple.
  7117 | Temple   | Entered the Ecumenical Temple
  7120 | Temple   | Reached XP level 10. HP: 82/82 MP: 10/10
  7152 | Temple   | Became a worshipper of Yredelemnul the Dark
  7288 | D:7      | Reached skill level 5 in Armour
  7508 | D:7      | Found the ring of Robustness {AC+8}
  7832 | D:8      | Noticed a +0 dagger
  7834 | D:8      | Noticed a +0 hand axe
  7836 | D:8      | Found a hide-covered altar of Uskayaw.
  7859 | D:8      | Found a staircase to the Lair.
  8182 | D:8      | Found an ancient bone altar of Kikubaaqudgha.
  8216 | D:8      | Reached * piety under Yredelemnul
  8401 | Lair:1   | Entered Level 1 of the Lair of Beasts
  8401 | Lair:1   | Noticed a black mamba
  8401 | Lair:1   | Noticed a komodo dragon
  8465 | D:9      | Found an opulent altar of Gozag.
  8540 | D:9      | Noticed a seven-headed hydra
  8982 | D:9      | Reached skill level 1 in Invocations
  9144 | D:9      | Reached skill level 10 in Fighting
  9720 | D:10     | Entered Level 10 of the Dungeon
  9765 | D:10     | Found a portal to a secret trove of treasure.
  9778 | D:10     | Reached ** piety under Yredelemnul
  9993 | D:10     | Found a staircase to the Orcish Mines.
 10044 | D:10     | Noticed an unseen horror
 10051 | D:10     | Killed an unseen horror
 10051 | D:10     | Reached XP level 11. HP: 90/92 MP: 13/13
 10218 | D:10     | Reached *** piety under Yredelemnul
 10575 | D:10     | Reached skill level 5 in Invocations
 11019 | D:11     | Received a gift from Yredelemnul (2 flying skulls)
 11094 | D:11     | Noticed a skeletal warrior
 11095 | D:11     | Noticed a skeletal warrior
 11095 | D:11     | Noticed a skeletal warrior
 11101 | D:11     | Killed a skeletal warrior
 11102 | D:11     | Noticed a skeletal warrior
 12067 | D:11     | Received a gift from Yredelemnul (3 flying skulls)
 12068 | D:11     | Reached skill level 10 in Polearms
 12195 | D:11     | Noticed a skeletal warrior
 12205 | D:11     | Killed a skeletal warrior
 12356 | D:11     | Reached XP level 12. HP: 100/100 MP: 16/16
 13128 | Lair:1   | Reached **** piety under Yredelemnul
 13674 | Lair:2   | Noticed a six-headed hydra
 13680 | Lair:2   | Found a staircase to the Swamp.
 13699 | Lair:1   | Killed a six-headed hydra
 14140 | Lair:2   | Found a staircase to the Snake Pit.
 14219 | Lair:2   | Noticed an eight-headed hydra
 14235 | Lair:2   | Killed a 15-headed hydra
 14830 | Lair:3   | Found a frozen archway.
 14850 | Lair:3   | Received a gift from Yredelemnul (a wight)
 14867 | IceCv    | Entered an ice cave
 15024 | IceCv    | Reached skill level 10 in Armour
 15144 | IceCv    | Got a brightly glowing scale mail
 15166 | IceCv    | Identified the cursed +1 scale mail of Restlessness {Regen+
                  | rCorr Int+4 Dex-4} (You found it in an ice cave)
 15793 | Lair:3   | Noticed an eight-headed hydra
 15976 | Lair:3   | Reached XP level 13. HP: 108/108 MP: 19/19
 15978 | Lair:3   | Found a transporter.
 16299 | Lair:3   | Found a transporter.
 16358 | Lair:3   | Reached ***** piety under Yredelemnul
 16563 | Lair:3   | Mangled by a four-headed hydra simulacrum

Levels and vault maps discovered:
D:1:      eino_arrival_druids_welcome, layout_rooms,
          chequers_serial_rivers_micro_d
D:2:      cheibrodos_old_hovel, layout_loops_cross, led_sif_pool,
          nicolae_overflow_crystal_walls, first_ration,
          nicolae_ashenzari_panopticon, uniq_sigmund
D:3:      layout_loops_cross, lemuel_round_altar, tso_altar, uniq_grinder,
          uniq_terence, uniq_jessica
D:4:      layout_loops_cross, lemuel_doored_altar
D:5:      minmay_razor_zed, layout_cave_pools, gammafunk_ghost_cemetery,
          minmay_misc_feat_secret_circle, guppyfry_shop_venom
D:6:      layout_basic, kennysheep_little_box, gup_sewer_entry_glass
D:7:      layout_loops_cross, temple_green, basic_altar, kennysheep_nondescript,
          grunt_ogre_cave, minivault_22, fedhas_altar_3
D:8:      layout_loops_ring, kiku_gazebo_garden_becter, dancing_weapons_uskayaw,
          dpeg_oklobed_lair, corexii_hall_statues_x
D:9:      layout_roguey [special_room_orc], basic_altar
D:10:     layout_rooms, zombieorc1_lemuel, nicolae_trove_entry_path_of_doom
D:11:     layout_stronghold
Temple:   nicolae_temple_great_sept
Lair:1:   layout_loops_ring, cheibrodos_lair_reptile_den, lemuel_fruit_tree
Lair:2:   layout_big_grid, minmay_swamp_entry_reptiles,
          minmay_snake_entry_guardpost_small
Lair:3:   gammafunk_cloud_chamber, layout_cave_shapes,
          portal_ice_cave_demonic_guard, kennysheep_rathole,
          infiniplex_staircase_pool_2

Skill      XL: |  1  2  3  4  5  6  7  8  9 10 11 12 |
---------------+-------------------------------------+-----
Shields        | 4 6 7 9 |  9.0
Fighting       | 4 5 6 8 10 11 12 | 12.0
Polearms       | 3 4 5 7 8 10 12 | 12.7
Armour         | 4 7 9 10 | 10.0
Invocations    | 3 6 8 |  8.0

Action                   |  1- 3 |  4- 6 |  7- 9 | 10-12 | 13-15 || total
-------------------------+-------+-------+-------+-------+-------++-------
Melee: Trident           |    78 |   166 |   595 |   314 |       ||  1153
       Glaive            |       |       |       |   785 |    99 ||   884
Invok: Animate Remains   |       |       |       |     1 |       ||     1
       Animate Dead      |       |       |       |    22 |     4 ||    26
 Abil: Dig               |       |     1 |     2 |    11 |     1 ||    15
Evoke: Wand              |       |       |       |     2 |       ||     2
  Use: Scroll            |       |       |     8 |     9 |     1 ||    18
       Potion            |       |       |     1 |     1 |       ||     2
 Stab: Distracted        |       |       |       |     4 |       ||     4
  Eat: Chunk             |       |     4 |    35 |    42 |     6 ||    87
Armor: Scale mail        |    14 |    33 |   156 |    79 |    27 ||   309
       Plate armour      |       |       |       |   492 |       ||   492
       Chain mail        |       |       |       |     3 |       ||     3
Dodge: Dodged            |    20 |    35 |   187 |   314 |    30 ||   586
Block: Shield            |    26 |    67 |   334 |   632 |    57 ||  1116

Table legend:
 A = Non-vault XP
 B = Vault XP
 C = Vault XP percentage of total XP
 D = Non-vault monster count
 E = Vault monster count
 F = Vault count percentage of total count
                 A         B        C        D         E       F
            +---------+---------+-------+---------+---------+-------
      Total |   22737 |    6802 |  23.0 |     308 |     153 |  33.2
            +---------+---------+-------+---------+---------+-------
        D:1 |      38 |       0 |   0.0 |      22 |       0 |   0.0
        D:2 |     116 |     213 |  64.7 |      21 |       2 |   8.7
        D:3 |     150 |     352 |  70.1 |      26 |       3 |  10.3
        D:4 |     400 |       0 |   0.0 |      20 |       0 |   0.0
        D:5 |     400 |     490 |  55.1 |      17 |       7 |  29.2
        D:6 |    1116 |      20 |   1.8 |      26 |       4 |  13.3
        D:7 |     412 |     121 |  22.7 |      12 |       1 |   7.7
        D:8 |    1132 |       0 |   0.0 |      25 |       0 |   0.0
        D:9 |     825 |     395 |  32.4 |      16 |      26 |  61.9
       D:10 |    3353 |     996 |  22.9 |      31 |      29 |  48.3
       D:11 |    4617 |       0 |   0.0 |      35 |       0 |   0.0
     Temple |      72 |       0 |   0.0 |       1 |       0 |   0.0
     Lair:1 |    3204 |    1244 |  28.0 |      21 |       3 |  12.5
     Lair:2 |    2415 |     513 |  17.5 |       9 |       6 |  40.0
     Lair:3 |    4487 |     904 |  16.8 |      26 |      17 |  39.5
      Sewer |       0 |     264 | 100.0 |       0 |      48 | 100.0
      IceCv |       0 |    1290 | 100.0 |       0 |       7 | 100.0
            +---------+---------+-------+---------+---------+-------
